 Dungeon Crawl Stone Soup version 0.30-a0-476-g330ca2eb8e (webtiles) character file.

Game seed: 1981966672075005845

64017 Jackthecabe the Cruncher (level 14, 0/107 HPs)
             Began as a Demigod Conjurer on Dec 21, 2022.
             Killed by divine providence
             ... invoked by Saint Roka
              (12 damage)
             ... on level 2 of the Orcish Mines on Dec 22, 2022.
             The game lasted 01:32:57 (36636 turns).

Jackthecabe the Cruncher (Demigod Conjurer)        Turns: 36636, Time: 01:32:57

Health: 0/107      AC: 10    Str:  8    XL:     14   Next: 32%
Magic:  17/28      EV: 32    Int: 41    God:
Gold:   756        SH:  6    Dex: 12    Spells: 3/27 levels left

rFire   . . .      SeeInvis .    h - staff of conjuration {!a}
rCold   + . .      Faith    .    g - +2 buckler
rNeg    . . .      Spirit   .    J - +1 robe {rC+}
rPois   .          Reflect  .    b - +1 helmet {Int+3}
rElec   +          Harm     .    H - +0 cloak
rCorr   .          Rampage  .    A - +2 pair of gloves
Will    ++...                    (no boots)
Stlth   ++........               w - amulet of the acrobat
HPRegen 0.37/turn                W - ring of willpower
MPRegen 0.21/turn                z - ring of Getoj {Drain rElec EV+4 Int+2}

@: acrobatic
A: high MP 1, forlorn, divine attributes
a: no special abilities


You were on level 2 of the Orcish Mines.
You visited 3 branches of the dungeon, and saw 21 of its levels.
You also visited: Volcano.

You collected 1717 gold pieces.
You spent 961 gold pieces at shops.


Innate Abilities, Weirdness & Mutations

You have an increased reservoir of magic. (+10% MP)
You shall have no god before yourself.
Your divine heritage dramatically boosts your attributes as you level up.


   Skills:
 - Level 5.0 Fighting
 - Level 12.0 Staves
 - Level 6.0 Armour
 - Level 5.0 Dodging
 - Level 1.7 Stealth
 + Level 3.4 Shields
 - Level 7.0 Spellcasting
 + Level 7.5 Conjurations
 - Level 8.0 Hexes
 - Level 6.0 Translocations
 + Level 4.1 Transmutations
 + Level 10.9 Air Magic
 - Level 5.0 Evocations


You had 3 spell levels left.
You knew the following spells:

 Your Spells              Type           Power      Damage    Failure   Level
a - Airstrike             Air            40%        2d(6-22)  1%          4
f - Fulminant Prism       Conj/Hex       43%        3d19      1%          4
l - Summon Lightning Spi  Summ/Air       56%        N/A       3%          4
m - Magic Dart            Conj           100%       1d8       1%          1
s - Searing Ray           Conj           100%       2d8       1%          2
X - Iskenderun's Mystic   Conj/Tloc      81%        2d16      1%          4
Y - Yara's Violent Unrav  Hex/Tmut       29%        3d12      7%          5

Your spell library contained the following spells:

 Spells                   Type           Power      Damage    Failure   Level
 Slow                     Hex            100%       N/A       1%          1
 Sting                    Tmut/Pois      100%       1d8       1%          1
 Ensorcelled Hibernation  Hex/Ice        94%        N/A       1%          2
 Passwall                 Tmut/Erth      25%        N/A       1%          2
 Poisonous Vapours        Pois/Air       100%       N/A       1%          2
 Wereblood                Tmut           48%        N/A       1%          2
 Confusing Touch          Hex            68%        N/A       1%          3
 Dazzling Flash           Conj/Hex       100%       N/A       1%          3
 Summon Guardian Golem    Hex/Summ       47%        N/A       1%          3
 Swiftness                Air            81%        N/A       1%          3
 Tukima's Dance           Hex            68%        N/A       1%          3
 Necrotise                Necr           56%        1d6       3%          1
 Summon Small Mammal      Summ           56%        N/A       3%          1
 Sublimation of Blood     Necr           14%        N/A       4%          2
 Call Canine Familiar     Summ           14%        N/A       9%          3
 Frozen Ramparts          Ice            28%        1d5       9%          3
 Ozocubu's Armour         Ice            14%        N/A       9%          3
 Vampiric Draining        Necr           14%        2d7       9%          3
 Lightning Bolt           Conj/Air       47%        1d67      1%          5
 Passage of Golubria      Tloc           59%        N/A       2%          4
 Ice Form                 Ice/Tmut       31%        N/A       12%         4
 Metabolic Englaciation   Hex/Ice        23%        N/A       16%         5
 Olgreb's Toxic Radiance  Pois           14%        N/A       28%         4
 Summon Ice Beast         Ice/Summ       14%        N/A       28%         4
 Agony                    Necr           14%        N/A       63%         5
 Simulacrum               Ice/Necr       7%         N/A       99%         6
 Summon Hydra             Summ           7%         N/A       100%        7
 Borgnjor's Revivificati  Necr           7%         N/A       100%        8
 Necromutation            Tmut/Necr      15%        N/A       100%        8
 Chain Lightning          Conj/Air       47%        3d62      100%        9
 Death's Door             Necr           7%         N/A       100%        9
 Fire Storm               Conj/Fire      30%        8d8       100%        9
 Shatter                  Erth           7%         3d9*      100%        9

Inventory:

Hand Weapons
 G - a +0 whip of electrocution
Missiles
 m - 6 curare-tipped darts {=f}
Armour
 b - a +1 helmet of intelligence (worn)
 g - a +2 buckler (worn)
 A - a +2 pair of gloves (worn)
 H - a +0 cloak (worn)
 J - a +1 robe of cold resistance (worn)
 U - a +1 robe of fire resistance
Magical Staves
 h - a staff of conjuration (weapon) {!a}
 M - a staff of earth {!a}
Jewellery
 c - a ring of protection from cold
 w - an amulet of the acrobat (around neck)
 y - a +4 ring of slaying
 z - the ring of Getoj (right hand) {Drain rElec EV+4 Int+2}
   (You bought it in a shop on level 1 of the Dungeon)

   [ring of evasion]

   EV:        It affects your evasion (+4).
   Int:       It affects your intelligence (+2).
   rElec:     It insulates you from electricity.
   Drain:     It drains your maximum health when unequipped.
 C - a ring of protection from cold
 D - a +6 ring of dexterity
 F - a ring of fire
 L - a ring of flight
 T - an amulet of guardian spirit
 W - a ring of willpower (left hand)
 Y - a +4 ring of slaying
Wands
 f - a wand of flame (22)
 r - a wand of digging (1)
 v - a wand of charming (10)
 Z - a wand of polymorph (17)
Scrolls
 d - 11 scrolls of teleportation {@r2}
 e - 2 scrolls of blinking
 k - 4 scrolls of fear
 l - 3 scrolls of fog
 n - 3 scrolls of magic mapping
 o - 2 scrolls of brand weapon
 p - 5 scrolls of enchant weapon
 t - a scroll of butterflies
 u - 3 scrolls of amnesia
 B - a scroll of immolation
 N - a scroll of enchant armour
 O - 2 scrolls of poison
 S - a scroll of vulnerability {unknown}
Potions
 a - 3 potions of brilliance
 i - 4 potions of might
 j - a potion of berserk rage {!q}
 q - 7 potions of curing {@q1}
 s - 5 potions of lignification
 x - a potion of ambrosia
 E - 2 potions of resistance
 I - 5 potions of heal wounds {@q2}
 K - a potion of flight
 P - 4 potions of haste {@q3}
 Q - 3 potions of cancellation
 V - 2 potions of invisibility
 X - 2 potions of attraction
Miscellaneous
 R - a tin of tremorstones (2/2)

Dungeon Overview and Level Annotations

Branches:
Dungeon (14/15)            Temple (0/1) D:5            Lair (5/5) D:10
 Shoals (0/4) Lair:2       Spider (0/4) Lair:3        Slime (0/5) Lair:4
    Orc (2/2) D:11        Volcano (visited)
    Elf: Orc:2       Vaults: D:13-14

Shops:
D:1 ![**   D:3 ?   D:4 :(=[   D:8 *   D:9 (   D:12 ?   Orc:1 *   Orc:2 (

Annotations:
D:6 1 runed translucent door, Crazy Yiuf
D:10 3 runed translucent doors, HilariousDeathArtist's ghost, journeyman FoBr
Lair:2 1 runed translucent door, tnk's ghost, journeyman DjHW
Orc:2 Saint Roka

.......#. #####........
##..#.........
#..[).........
##o...8........
#..<[[.........
.....#..)..........
...............#.......
.........[@.[.........##
...........[.)......[..#
......................##
...........[[..........##
......8..∩....[.........#
.........[..).)....#..#
.$.......^)$..)......##
............$[.......#
.PP.....).[.[8<.....#


You could see Saint Roka (ally target) and a friendly lightning spire
(summoned).


Message History

You feel a surge of power!
You erupt in a blast of force!
The mystic blast hits Saint Roka.
Saint Roka is lightly wounded.
Saint Roka is knocked back by the mystic blast.
Saint Roka slams into the rock wall!
Saint Roka hits you from afar with a +0 glaive!
You see here a +0 hand axe.
Casting: Iskenderun's Mystic Blast (mildly dangerous; 1% risk of failure)
Confirm with . or Enter, or press ? or * to list all spells.
You feel a surge of power!
You erupt in a blast of force!
The mystic blast hits Saint Roka.
Saint Roka is lightly wounded.
Saint Roka is knocked back by the mystic blast.
Saint Roka slams into the rock wall!
Saint Roka is lightly wounded.
Saint Roka hits you from afar with a +0 glaive.
Casting: Iskenderun's Mystic Blast (mildly dangerous; 1% risk of failure)
Confirm with . or Enter, or press ? or * to list all spells.
An electric hum fills the air.
Saint Roka hits you from afar with a +0 glaive!!!
* * * LOW HITPOINT WARNING * * *
Saint Roka invokes the aid of Beogh against you.
Beogh smites you!
* * * LOW HITPOINT WARNING * * *
Your lightning spire shoots out a bolt of lightning at Saint Roka!
The bolt of electricity hits Saint Roka!
The bolt of electricity hits Saint Roka.
Saint Roka invokes the aid of Beogh against you.
Beogh smites you!
You die...

Skill      XL: |  1  2  3  4  5  6  7  8  9 10 11 12 13 14 |
---------------+-------------------------------------------+-----
Spellcasting   | 2 3 4 7 |  7.0
Conjurations   | 4 5 6 7 |  7.5
Hexes          | 2 4 6 8 |  8.0
Evocations     | 3 4 5 |  5.0
Staves         | 6 9 10 12 | 12.0
Fighting       | 4 5 |  5.0
Armour         | 5 6 |  6.0
Dodging        | 5 |  5.0
Translocations | 6 |  6.0
Air Magic      | 2 8 10 | 10.9
Transmutations | 2 4 |  4.1
Shields        | 1 3 |  3.4
Stealth        | |  1.7

Action                   |  1- 3 |  4- 6 |  7- 9 | 10-12 | 13-15 || total
-------------------------+-------+-------+-------+-------+-------++-------
Melee: Staff             |       |       |    16 |    77 |   136 ||   229
       Punch             |       |       |     1 |     1 |     1 ||     3
Throw: Dart              |       |       |       |     2 |       ||     2
 Cast: Magic Dart        |    65 |   125 |   164 |   161 |    60 ||   575
       Searing Ray       |     2 |    16 |    30 |    45 |       ||    93
       Fulminant Prism   |       |       |    25 |   102 |    23 ||   150
       Airstrike         |       |       |       |   117 |   218 ||   335
       Iskenderun's Myst |       |       |       |     4 |    11 ||    15
       Summon Lightning  |       |       |       |     2 |    46 ||    48
       Yara's Violent Un |       |       |       |       |    15 ||    15
Evoke: Wand              |       |       |       |     9 |    17 ||    26
       Tin of tremorston |       |       |       |       |     1 ||     1
  Use: Scroll            |       |     9 |     4 |     8 |     8 ||    29
       Potion            |       |       |     3 |     1 |       ||     4
Armor: Robe              |     3 |     6 |    13 |    63 |    42 ||   127
Dodge: Dodged            |    13 |    26 |    93 |   279 |   150 ||   561
Block: Buckler           |       |       |       |       |    16 ||    16

Levels and vault maps discovered:
D:1:      onia_arrival_mini_maze, layout_basic, serial_shops,
          nicolae_shop_temple_entry_statues_fountains,
          nicolae_shop_hallway_stairs, nicolae_shop_behind_doors, shop,
          serial_rivers, chequers_serial_rivers_micro_d,
          chequers_serial_rivers_room_a, chequers_serial_rivers_micro_e,
          chequers_serial_rivers_room_b, chequers_serial_rivers_micro_b,
          minmay_door_square
D:2:      layout_basic, uniq_jessica
D:3:      layout_basic, lemuel_doored_altar, mainiacjoe_overflow_cross_hatched,
          serial_shops, shop_fountains, feat_on_display
D:4:      layout_basic, amethyst_overflow_temple_binary,
          minmay_shop_grid_forest, st_stairs_13, nrook_uturn, minmay_distorted
D:5:      layout_rooms, minmay_temple_entry_purple_smoke
D:6:      layout_rooms, nicolae_qazlal_general_emergency,
          mainiacjoe_overflow_tiny_flanked, minmay_liquid_box,
          uniq_blork_the_orc, uniq_crazy_yiuf_cottage
D:7:      layout_loops_corners
D:8:      nzn_winding_woodlands_small [nzn_winding_woodlands_5x15_zeroes,
          nzn_winding_woodlands_center_lodge,
          nzn_winding_woodlands_5x15_jagged], layout_basic,
          nemelex_altar_shiori, slow_altar_2, mainiacjoe_overflow_catwalk,
          mainiacjoe_overflow_concentric_impassable,
          hellmonk_ghost_happy_afterlife, serial_shops, shop_fountains,
          interstate_on_off, uniq_maurice
D:9:      layout_loops_ring, kennysheep_mini_moat, serial_shops, shop,
          lightli_minifort, uniq_amaemon
D:10:     layout_irregular_city, amcnicky_altar_gilded,
          mainiacjoe_overflow_alcove_2, lair_entry_dummy,
          gammafunk_ghost_nasty_kobolds, grunt_ministairs_8, kennysheep_diamond,
          uniq_joseph
D:11:     layout_cave_pools, orc_0_dummy, uniq_nergalle
D:12:     layout_irregular_city, serial_shops, nicolae_stop_n_shop_2
D:13:     layout_basic, uniq_jorgrun
D:14:     layout_loops_ring, skrybe_vaults_entry_preservation, serial_shops,
          nicolae_diamond_shop, uniq_frances
Lair:1:   layout_roguey, nicolae_lair_lakeside_cave
Lair:2:   layout_regular_city, minmay_shoals_entry_beasts,
          ebering_ghost_inner_flame, serial_bayou_shore_b
Lair:3:   layout_gridlike, spider_nest_entry_a, lemuel_oklob_altar,
          serial_bayou_shore_b, uniq_kirke
Lair:4:   cheibrodos_magma_flow, layout_regular_city, slime_entry_1,
          enter_volcano_2, portal_ice_cave_entry_animals_and_master,
          serial_bayou_pond_a, serial_bayou_shore_a
Lair:5:   evilmike_catoblepas_cave, layout_loops_ring, lemuel_fruit_tree
Orc:1:    layout_caves, serial_shops, nicolae_shop_behind_doors
Orc:2:    grunt_orc_gardens, layout_caves, grunt_orc_garden, grunt_orc_garden,
          grunt_orc_garden, grunt_orc_garden, nicolae_orc_pool_cavern,
          uniq_saint_roka

Notes
Turn   | Place    | Note
-------+----------+-------------------------------------------
     0 | D:1      | Jackthecabe the Demigod Conjurer began the quest for the
                  | Orb.
     0 | D:1      | Reached XP level 1. HP: 14/14 MP: 5/5
   148 | D:1      | Reached skill level 2 in Spellcasting
   173 | D:1      | Found Mupuvec's Antique Armour Emporium.
   178 | D:1      | Found Dumpapp's Assorted Antiques.
   186 | D:1      | Found Borriloi's Assorted Antiques.
   284 | D:1      | Reached XP level 2. HP: 20/20 MP: 2/7
   594 | D:1      | Reached skill level 4 in Conjurations
   884 | D:1      | Found Jicuuschi's Distillery.
  1187 | D:1      | Learned a level 2 spell: Searing Ray
  1263 | D:1      | Reached XP level 3. HP: 26/26 MP: 6/9
  1533 | D:2      | Noticed Jessica
  1539 | D:2      | Killed Jessica
  1613 | D:2      | Reached skill level 3 in Spellcasting
  1613 | D:2      | Reached XP level 4. HP: 24/33 MP: 3/11
  1748 | D:2      | Reached skill level 5 in Conjurations
  2459 | D:2      | Learned a level 4 spell: Fulminant Prism
  2852 | D:3      | Reached XP level 5. HP: 38/38 MP: 7/12
  3243 | D:3      | Reached skill level 6 in Conjurations
  3462 | D:3      | Found Atikhlerr's Magic Scroll Shop.
  3488 | D:3      | Bought a scroll of noise for 14 gold pieces
  3488 | D:3      | Bought a scroll of identify for 28 gold pieces
  3888 | D:4      | Reached skill level 1 in Hexes
  3990 | D:4      | Reached skill level 2 in Hexes
  3990 | D:4      | Reached XP level 6. HP: 45/45 MP: 7/13
  4243 | D:4      | Reached skill level 3 in Hexes
  4631 | D:4      | Found Qizehiydgh's Book Shoppe.
  4635 | D:4      | Found Wosetif's Jewellery Shoppe.
  4636 | D:4      | Found Fuleuk's Armour Shoppe.
  4641 | D:4      | Found Adea's Weapon Shoppe.
  4663 | D:4      | Identified the +1 spear of Courage {flame, Int+3}
  5100 | D:5      | Entered Level 5 of the Dungeon
  5203 | D:4      | Reached skill level 4 in Hexes
  5348 | D:5      | Found a staircase to the Ecumenical Temple.
  5419 | D:5      | Reached XP level 7. HP: 27/50 MP: 2/14
  5589 | D:5      | Reached skill level 5 in Hexes
  5920 | D:5      | Reached skill level 6 in Hexes
  5920 | D:5      | Reached skill level 1 in Evocations
  6186 | D:5      | Reached skill level 2 in Evocations
  6383 | D:6      | Reached skill level 3 in Evocations
  6510 | D:6      | Reached XP level 8. HP: 57/57 MP: 11/15
  6758 | D:6      | Reached skill level 4 in Evocations
  6820 | D:6      | Reached skill level 1 in Staves
  6911 | D:6      | Noticed Blork the orc
  6915 | D:6      | Reached skill level 2 in Staves
  6941 | D:6      | Killed Blork the orc
  7068 | D:6      | Reached skill level 3 in Staves
  7296 | D:6      | Found a runed translucent door.
  7297 | D:6      | Noticed Crazy Yiuf
  7443 | D:7      | Reached skill level 5 in Staves
  8073 | D:7      | Reached skill level 6 in Staves
  8515 | D:1      | Bought a coiled iron ring for 85 gold pieces
  8515 | D:1      | Identified the ring of Getoj {Drain rElec EV+4 Int+2} (You
                  | bought it in a shop on level 1 of the Dungeon)
  8652 | D:1      | Bought a pair of runed gloves for 232 gold pieces
  8851 | D:7      | Reached XP level 9. HP: 62/62 MP: 5/16
  8852 | D:7      | Reached skill level 7 in Staves
  9486 | D:8      | Noticed a skeletal warrior
  9486 | D:8      | Noticed a skeletal warrior
  9486 | D:8      | Noticed a skeletal warrior
  9558 | D:8      | Noticed logorrheac's ghost (novice OpVM)
  9723 | D:8      | Reached skill level 8 in Staves
  9801 | D:8      | Reached skill level 2 in Fighting
  9840 | D:7      | HP: 4/68 [slime creature (17)]
 10189 | D:8      | Reached skill level 3 in Fighting
 10215 | D:8      | Noticed Maurice
 10288 | D:8      | Found a runed translucent door.
 10394 | D:8      | Reached skill level 4 in Fighting
 10629 | D:8      | Killed a skeletal warrior
 10630 | D:8      | Reached skill level 9 in Staves
 10630 | D:8      | Reached XP level 10. HP: 78/78 MP: 4/17
 11157 | D:8      | Noticed a two-headed ogre
 11354 | D:8      | Found Heemoj's General Store.
 11462 | D:8      | Reached skill level 10 in Staves
 11916 | D:8      | Killed a two-headed ogre
 11917 | D:8      | Reached skill level 4 in Spellcasting
 12019 | D:8      | Killed Maurice
 12020 | D:8      | Reached skill level 5 in Evocations
 12191 | D:8      | Killed a skeletal warrior
 12192 | D:8      | Reached skill level 5 in Fighting
 12192 | D:8      | Reached skill level 1 in Armour
 12480 | D:8      | Reached skill level 2 in Armour
 12756 | D:8      | Reached skill level 3 in Armour
 12869 | D:8      | Killed logorrheac's ghost
 12948 | D:8      | Killed a skeletal warrior
 12949 | D:8      | Reached skill level 4 in Armour
 13109 | D:9      | Reached skill level 5 in Armour
 13113 | D:9      | Reached XP level 11. HP: 85/86 MP: 2/20
 13385 | D:9      | Reached skill level 6 in Armour
 13385 | D:9      | Reached skill level 2 in Dodging
 13588 | D:9      | Reached skill level 3 in Dodging
 13951 | D:9      | Found Ketrab's Weapon Shop.
 14274 | D:9      | Noticed Amaemon
 14306 | D:9      | Killed Amaemon
 14307 | D:9      | Reached skill level 4 in Dodging
 14948 | D:9      | Learned a level 4 spell: Iskenderun's Mystic Blast
 14968 | D:10     | Entered Level 10 of the Dungeon
 15116 | D:10     | Reached skill level 5 in Dodging
 15116 | D:10     | Reached skill level 1 in Translocations
 15195 | D:10     | Reached skill level 2 in Translocations
 15202 | D:10     | Reached skill level 3 in Translocations
 15502 | D:10     | Noticed a two-headed ogre
 15511 | D:10     | Killed a two-headed ogre
 15512 | D:10     | Reached skill level 4 in Translocations
 15696 | D:10     | Found a runed translucent gate.
 15696 | D:10     | Noticed HilariousDeathArtist's ghost (journeyman FoBr)
 15697 | D:10     | Found a runed translucent gate.
 15697 | D:10     | Found a runed translucent gate.
 15722 | D:10     | Found a staircase to the Lair.
 15744 | D:10     | Noticed Joseph
 15765 | D:10     | Killed Joseph
 15766 | D:10     | Reached skill level 5 in Translocations
 16265 | D:10     | Reached skill level 6 in Translocations
 16553 | D:11     | Noticed Nergalle
 16562 | D:11     | Killed Nergalle
 17203 | D:4      | Bought a book of Storms for 448 gold pieces
 17208 | D:4      | Learned a level 4 spell: Airstrike
 17354 | D:11     | Found a staircase to the Orcish Mines.
 17631 | D:11     | Reached skill level 1 in Air Magic
 18207 | Lair:1   | Entered Level 1 of the Lair of Beasts
 18236 | Lair:1   | Reached skill level 2 in Air Magic
 18528 | Lair:1   | Reached XP level 12. HP: 92/94 MP: 3/21
 18792 | Lair:1   | Reached skill level 3 in Air Magic
 18805 | Lair:1   | Reached skill level 11 in Staves
 18947 | Lair:1   | Noticed a dire elephant
 19773 | Lair:1   | Reached skill level 4 in Air Magic
 20100 | Lair:2   | Noticed a five-headed hydra
 20917 | Lair:2   | Killed a five-headed hydra
 20918 | Lair:2   | Reached skill level 5 in Air Magic
 21255 | Lair:2   | Found a staircase to the Shoals.
 21452 | Lair:2   | Found a runed translucent door.
 21452 | Lair:2   | Noticed a six-headed hydra
 21454 | Lair:2   | Noticed tnk's ghost (journeyman DjHW)
 21804 | Lair:2   | Reached skill level 12 in Staves
 21813 | Lair:2   | Reached skill level 6 in Air Magic
 22275 | Lair:3   | Noticed Kirke
 22363 | Lair:3   | Noticed a five-headed hydra
 22495 | Lair:3   | Killed a five-headed hydra
 22550 | Lair:2   | Noticed a sphinx
 22556 | Lair:2   | Killed Kirke
 22557 | Lair:2   | Reached skill level 7 in Air Magic
 23343 | Lair:3   | Found a hole to the Spider Nest.
 24050 | Lair:4   | Found a dark tunnel.
 24058 | Volcano  | Entered a volcano
 24090 | Volcano  | Reached skill level 8 in Air Magic
 24101 | Volcano  | Learned a level 4 spell: Summon Lightning Spire
 24303 | Volcano  | Reached XP level 13. HP: 38/100 MP: 8/23
 24374 | Volcano  | Reached skill level 9 in Air Magic
 25151 | Lair:4   | Found a staircase to the Slime Pits.
 25791 | Lair:4   | Reached skill level 10 in Air Magic
 26098 | Lair:4   | Reached skill level 5 in Spellcasting
 26575 | Lair:5   | Entered Level 5 of the Lair of Beasts
 27232 | Lair:5   | Reached skill level 6 in Spellcasting
 28057 | Lair:5   | Reached skill level 7 in Spellcasting
 28456 | Lair:5   | Reached skill level 7 in Hexes
 28846 | Lair:5   | Identified 2 potions of resistance
 29110 | Lair:5   | Learned a level 5 spell: Yara's Violent Unravelling
 29352 | Orc:1    | Entered Level 1 of the Orcish Mines
 29494 | Orc:2    | Entered Level 2 of the Orcish Mines
 29498 | Orc:2    | Reached skill level 8 in Hexes
 29619 | Orc:2    | Noticed an orc warlord
 30034 | D:1      | Bought a scroll of identify for 44 gold pieces
 30034 | D:1      | Bought a scroll labelled ATYRIH WAULESM for 22 gold pieces
 30034 | D:1      | Bought a crooked bronze wand for 88 gold pieces
 30278 | D:12     | Found Fepuq's Magic Scroll Boutique.
 30283 | D:12     | Reached skill level 1 in Transmutations
 31503 | D:13     | Reached skill level 2 in Transmutations
 32778 | D:13     | Reached skill level 1 in Shields
 33071 | D:13     | Reached XP level 14. HP: 107/107 MP: 12/28
 33121 | D:13     | Noticed Jorgrun
 33129 | D:13     | Killed Jorgrun
 33455 | D:14     | Noticed Frances
 33466 | D:14     | Killed Frances
 33467 | D:14     | Reached skill level 2 in Shields
 33467 | D:14     | Reached skill level 3 in Transmutations
 33480 | D:14     | Reached skill level 7 in Conjurations
 34157 | Orc:1    | Found Zashoi Suad's Assorted Antiques.
 34342 | Orc:2    | Found Caladihi's Antique Weapon Shoppe.
 35089 | Orc:2    | Killed an orc warlord
 35222 | Orc:1    | Reached skill level 3 in Shields
 35591 | Orc:2    | Identified a +2 robe of the Archmagi
 35592 | Orc:2    | Noticed Saint Roka
 35596 | Orc:2    | Reached skill level 4 in Transmutations
 36636 | Orc:2    | Killed from afar by Saint Roka

Vanquished Creatures
  Jorgrun (D:13)
  Frances (D:14)
  2 hydras
  2 catoblepae (Lair:5)
  2 centaur warriors (D:13)
  4 two-headed ogres
  2 orc high priests
  2 death yaks (Lair:5)
  Amaemon (D:9)
  Nergalle (D:11)
  A fire crab (Volcano)
  3 skeletal warriors (D:8)
  A wizard (D:14)
  The ghost of logorrheac the Covert, a novice OpVM (D:8)
  3 orc knights
  2 lindwurms
  2 orc sorcerers (Orc:2)
  3 ugly things
  An oklob plant (Lair:3)
  4 manticores
  A deep elf pyromancer (D:13)
  3 cyclopes
  Maurice (D:8)
  Joseph (D:10)
  3 black mambas
  A torpor snail (Lair:5)
  An orange demon (D:9)
  3 molten gargoyles
  10 cane toads
  A kobold demonologist (D:10)
  2 rime drakes
  A komodo dragon (Lair:3)
  2 efreet
  2 tengu conjurers
  A queen bee (shapeshifter) (D:8)
  A troll (Orc:2)
  A wind drake (Lair:2)
  A polar bear (Lair:4)
  2 slime creatures (D:8)
  5 blink frogs (Lair:3)
  A jumping spider (Lair:3)
  2 shadows
  3 wyverns
  66 yaks
  A hog (Lair:2)
  A basilisk (Lair:4)
  8 fire bats (Volcano)
  4 steam dragons
  A vampire mosquito (D:8)
  A warg (Orc:1)
  4 water moccasins
  21 orc warriors
  2 ice beasts (D:7)
  2 ogres
  A black bear (D:6)
  10 centaurs
  17 wolves
  2 phantoms
  9 kobold brigands
  Blork the orc (D:6)
  12 bullfrogs
  4 necrophages
  5 scorpions
  A wight (D:8)
  12 killer bees
  A nameless horror (Volcano)
  An electric eel (D:9)
  A hound (D:7)
  9 lava snakes
  4 jellies
  11 orc priests
  An iron imp (D:8)
  Jessica (D:2)
  4 iguanas
  21 orc wizards
  A gnoll (D:8)
  10 adders
  4 shadow imps
  3 white imps
  An ufetubus (D:5)
  2 worms
  3 dart slugs
  70 orcs
  4 ball pythons
  7 endoplasms
  A giant cockroach (D:2)
  9 hobgoblins
  3 jackals (D:1)
  40 kobolds
  7 quokkas
  6 bats
  4 frilled lizards
  5 goblins
  5 rats
512 creatures vanquished.

Vanquished Creatures (collateral kills)
  Kirke (Lair:2)
  An orc warlord (Orc:2)
  A catoblepas (Lair:5)
  An ice dragon (Lair:4)
  3 death yaks (Lair:5)
  An orc high priest (Orc:2)
  An orc knight (Orc:1)
  A manticore (Lair:5)
  A troll (Orc:1)
  10 yaks
  7 fire bats (Volcano)
  A water moccasin (Lair:4)
  A warg (Orc:2)
  4 orc warriors
  2 ogres
  2 wolves (Lair:5)
  A bullfrog (Lair:1)
  2 lava snakes (Volcano)
  2 orc priests (Orc:1)
  2 orc wizards
  6 orcs
  A fulminant prism (Lair:5)
52 creatures vanquished.

Vanquished Creatures (others)
  A polar bear (Lair:4)
  4 humans (Lair:3)
  149 fulminant prisms
  59 fungi
  41 plants
254 creatures vanquished.

Grand Total: 818 creatures vanquished

Table legend: (Time is in decaauts)
 A = Elapsed time spent in this place.
 B = Non-inter-level travel time spent in this place.
 C = Inter-level travel time spent in this place.
 D = Time resting spent in this place.
 E = Time spent auto-exploring this place.
 F = Levels seen in this place.
 G = Mean time per level.
                   A        B        C        D        E       F      G
               +--------+--------+--------+--------+--------+-----+--------+
         Total |  36668 |  32889 |   3779 |  10564 |  17773 |  22 | 1666.7 |
       Dungeon |  22208 |  19282 |   2926 |   4429 |  12297 |  14 | 1586.3 |
          Lair |  10305 |   9779 |    526 |   3285 |   5183 |   5 | 2061.0 |
  Orcish Mines |   3391 |   3065 |    326 |   2387 |    246 |   2 | 1695.5 |
       Volcano |    763 |    763 |      0 |    463 |     47 |   1 |  763.0 |
               +--------+--------+--------+--------+--------+-----+--------+

Top non-repeatable levels by time:
   Orc:1: 3116 daAuts
     D:8: 2964 daAuts
     D:7: 2636 daAuts
  Lair:5: 2567 daAuts
  Lair:2: 2380 daAuts
    D:10: 2224 daAuts
  Lair:1: 2047 daAuts
  Lair:4: 1948 daAuts
     D:9: 1889 daAuts
     D:4: 1769 daAuts
     D:1: 1632 daAuts
    D:13: 1547 daAuts
     D:6: 1535 daAuts
     D:3: 1467 daAuts
  Lair:3: 1361 daAuts

Table legend:
 A = Non-vault XP
 B = Vault XP
 C = Vault XP percentage of total XP
 D = Non-vault monster count
 E = Vault monster count
 F = Vault count percentage of total count
                 A         B        C        D         E       F
            +---------+---------+-------+---------+---------+-------
      Total |   49867 |   41587 |  45.5 |     420 |     143 |  25.4
            +---------+---------+-------+---------+---------+-------
        D:1 |      55 |       0 |   0.0 |      29 |       0 |   0.0
        D:2 |     115 |      37 |  24.3 |      16 |       1 |   5.9
        D:3 |     174 |       0 |   0.0 |      25 |       0 |   0.0
        D:4 |     315 |      94 |  23.0 |      23 |       4 |  14.8
        D:5 |     677 |       0 |   0.0 |      22 |       0 |   0.0
        D:6 |     739 |      91 |  11.0 |      15 |       1 |   6.2
        D:7 |    1796 |       0 |   0.0 |      27 |       0 |   0.0
        D:8 |    5493 |    2802 |  33.8 |      22 |      18 |  45.0
        D:9 |    2303 |    1938 |  45.7 |      36 |       4 |  10.0
       D:10 |    4531 |     946 |  17.3 |      36 |       3 |   7.7
       D:11 |    1654 |     775 |  31.9 |      11 |       1 |   8.3
       D:12 |    2902 |       0 |   0.0 |      12 |       0 |   0.0
       D:13 |    5748 |    1904 |  24.9 |      19 |       1 |   5.0
       D:14 |     643 |    1463 |  69.5 |       1 |       1 |  50.0
     Lair:1 |    3687 |     810 |  18.0 |      21 |       4 |  16.0
     Lair:2 |    5447 |    2561 |  32.0 |      21 |       5 |  19.2
     Lair:3 |    3915 |     750 |  16.1 |      14 |       2 |  12.5
     Lair:4 |    2717 |    3004 |  52.5 |      13 |      14 |  51.9
     Lair:5 |    3507 |   10319 |  74.6 |      13 |      23 |  63.9
      Orc:1 |    1926 |    2269 |  54.1 |      26 |       5 |  16.1
      Orc:2 |    1523 |    6103 |  80.0 |      18 |      29 |  61.7
    Volcano |       0 |    5721 | 100.0 |       0 |      27 | 100.0
            +---------+---------+-------+---------+---------+-------
